Map: Cactus Valley LE (Void)

Players

Kelazhur - Winner!

  • Race: Terran Terran
  • Spawn Location: 5:00

Oobios

  • Race: Zerg Zerg
  • Spawn Location: 11:00

Event: WCS Austin 2017

VOD

Have the link to the VOD?

Description

Time

  • Played on: April 28, 2017, 1:30 p.m.
  • Length: 4:22

All games in this series

Show
View Real Time Build Order
Export as new Build Order

Kelazhur Terran - Winner!

Build Orders:  

Get SALT Encoding   

  12  0:00  SCV  
  13  0:12  SCV  
  14  0:17  Supply Depot  
  14  0:24  SCV  
  15  0:39  SCV  
  15  0:40  Barracks  
  16  0:43  Refinery  
  16  0:51  SCV  
  17  0:59  Barracks  
  17  1:03  SCV  
  18  1:15  SCV  
  19  1:20  Barracks  
  19  1:27  Reaper  
  19  1:31  Refinery  
  20  1:42  Orbital Command  
  20  1:47  Reaper  
  21  1:56  Supply Depot  
  21  2:00  Reaper  
  23  2:09  Reaper  
  23  2:17  SCV  
  23  2:19  Reaper  
  25  2:24  Supply Depot  
  25  2:29  SCV  
  26  2:32  Reaper  
  27  2:41  Reaper, SCV  
  29  2:53  Reaper  
  29  2:54  SCV  
  31  3:04  Command Center  
  31  3:06  Reaper  
  32  3:13  Reaper  
  33  3:25  Reaper  
  35  3:27  SCV  
  35  3:38  Supply Depot, Reaper  
  35  3:39  SCV  
  37  3:46  Reaper  
  36  4:05  SCV  
  38  4:20  Command Center  
Show
View Real Time Build Order
Export as new Build Order

Oobios Zerg 

Build Orders: Hatch First 

Get SALT Encoding   

  12  0:01  Drone  
  13  0:12  Overlord  
  13  0:18  Drone  
  14  0:31  Drone x2  
  14  0:34  Drone  
  17  0:45  Drone  
  18  0:59  Hatchery  
  18  1:00  Drone  
  18  1:15  Spawning Pool  
  18  1:18  Drone, Extractor  
  17  1:22  Drone  
  18  1:29  Drone  
  19  1:42  Overlord  
  19  2:01  Queen  
  19  2:02  Zergling x4  
  23  2:11  Queen  
  23  2:12  Drone x2  
  27  2:19  Metabolic Boost  
  27  2:23  Drone x2  
  29  2:33  Drone  
  29  2:36  Drone, Queen  
  31  2:44  Drone x2  
  33  2:53  Spine Crawler  
  33  2:57  Zergling x4  
  33  3:04  Queen  
  35  3:08  Overlord  
  32  3:23  Zergling x4  
  32  3:24  Zergling x4  
  31  3:27  Zergling x4  
  31  3:28  Zergling x2  
  31  3:29  Zergling x2  
  35  3:35  Zergling x2  
  35  3:37  Zergling x2  
  35  3:45  Zergling x2  
  35  3:48  Zergling x2  
  34  3:53  Zergling x2  
  28  3:59  Zergling x2  
  28  4:02  Zergling x2  
Tags
 
Add a new tag
Caveats
  • Supply blocks, unpowered buildings, or Contaminate may cause inaccurate times.
  • Supply counts are checked every 10 seconds.